 Dungeon Crawl Stone Soup version 0.20.1-1-g8b1a95d (webtiles) character file.

65 vineage the Ducker (level 3, -2/36 HPs)
             Began as a Troll Fighter on Aug 19, 2017.
             Slain by Sigmund
             ... wielding a +0 vampiric scythe
              (13 damage)
             ... on level 3 of the Dungeon.
             The game lasted 00:02:57 (1251 turns).

vineage the Ducker (Troll Fighter)                  Turns: 1251, Time: 00:02:58

Health: -2/36      AC:  5    Str: 30    XL:     3   Next: 92%
Magic:  2/2        EV:  8    Int:  4    God:
Gold:   121        SH:  9    Dex:  9    Spells: 2/2 levels left

rFire    . . .     SeeInvis .   o - +0 spear (pain)
rCold    . . .     Gourm    +   b - +0 shield
rNeg     . . .     Faith    .   a - +0 robe
rPois    .         Spirit   .   (helmet restricted)
rElec    .         Reflect  .   (no cloak)
rCorr    .         Harm     .   (gloves unavailable)
MR       .....                  (boots unavailable)
Stlth    +.........             (no amulet)
Regen    0.6/turn               (no ring)
MPRegen  0.1/turn               (no ring)

@: mighty, flying, hasted, very quick
A: unfitting armour, claws 3, fast metabolism 3, gourmand, regeneration 1,
shaggy fur 1, tough skin 2
a: no special abilities


You were on level 3 of the Dungeon.
You were not hungry.

You visited 1 branch of the dungeon, and saw 3 of its levels.

You collected 121 gold pieces.

Inventory:

Hand Weapons
 o - a +0 spear of pain (weapon)
Armour
 a - a +0 robe (worn)
 b - a +0 shield (worn)
Scrolls
 f - a scroll of remove curse
 h - 2 scrolls of recharging
Potions
 g - a potion of invisibility
 j - a potion of lignification
 l - a potion of magic
Comestibles
 d - 7 bread rations
 i - 2 royal jellies
 n - 3 fruits


   Skills:
 + Level 2.6 Fighting
 + Level 2.9 Dodging
 + Level 0.4 Stealth
 + Level 2.8 Shields
 + Level 2.8 Unarmed Combat


You had 2 spell levels left.
You didn't know any spells.

Dungeon Overview and Level Annotations

Branches:
Dungeon (3/15)

Altars:
Sif Muna
Trog
Vehumet

Annotations:
D:3 Sigmund


Innate Abilities, Weirdness & Mutations

You are too large for most types of armour.
You have claws for hands.
Your metabolism is lightning-fast.
You like to eat raw meat.
Your natural rate of healing is unusually fast.
You are covered in fur. (AC +1)
You have very tough skin. (AC +2)


Message History

You bump into the rock wall.
Something hits you!
You hear some strange, mumbled words.
Something tries to affect you, but you resist.
You bump into the rock wall.
Something hits you.
You feel less confused. Something hits you but does no damage.
It was a potion of haste.
You feel yourself speed up. You block something's attack.
You feel very mighty all of a sudden.
You feel very buoyant.
You fly up into the air.
You block something's attack.
You hit something. Something hits you.
You miss something. You miss something. Something hits you but does no damage.
You closely miss something. Something hits you!
* * * LOW HITPOINT WARNING * * *
You barely miss something.
Your shield prevents you from hitting something.
Something hits you!
You die...

#.# #.# ##### #.# #.#
#.# #.# #.# #.#
#########.###.#
#..........##.#######
#................$...
#.#.####.............
# #.# #...##@#######
... #...##{#
..###.#...##.# #.>
#.....?..# #..
#.##...### #.. ...
#...# ..# #...# ..
#...# ....#


There were no monsters in sight!

Vanquished Creatures
  2 adders (D:2)
  An ooze (D:3)
  2 worms
  A leopard gecko (D:1)
  A ball python (D:1)
  A giant cockroach (D:2)
  5 goblins
  6 hobgoblins
  4 kobolds
  4 bats
  6 frilled lizards
  4 rats
37 creatures vanquished.

Notes
Turn   | Place    | Note
-------+----------+-------------------------------------------
     0 | D:1      | vineage the Troll Fighter began the quest for the Orb.
     0 | D:1      | Reached XP level 1. HP: 22/22 MP: 0/0
     2 | D:1      | Noticed a human
     2 | D:1      | Noticed a draconian
     4 | D:1      | Noticed a minotaur
     4 | D:1      | Noticed a dwarf
     7 | D:1      | Noticed a naga
     7 | D:1      | Noticed a spriggan
     9 | D:1      | Noticed a vine stalker
    11 | D:1      | Noticed an elf
    11 | D:1      | Noticed a demonspawn
    13 | D:1      | Noticed a tengu
    13 | D:1      | Noticed a ghoul
    15 | D:1      | Noticed a merfolk
    15 | D:1      | Noticed a centaur
    17 | D:1      | Noticed a felid
    17 | D:1      | Noticed a halfling
    19 | D:1      | Noticed an ogre
    21 | D:1      | Noticed a formicid
    21 | D:1      | Noticed a vampire
    23 | D:1      | Noticed a gargoyle
    25 | D:1      | Noticed a troll
    27 | D:1      | Noticed a demigod
    27 | D:1      | Noticed an octopode
   103 | D:1      | Reached XP level 2. HP: 28/29 MP: 1/1
   603 | D:2      | Reached XP level 3. HP: 25/36 MP: 2/2
   951 | D:2      | Found a radiant altar of Vehumet.
   960 | D:2      | Found a deep blue altar of Sif Muna.
   960 | D:2      | Found a bloodstained altar of Trog.
  1217 | D:3      | Noticed Sigmund
  1251 | D:3      | Slain by Sigmund

Action                   || total
-------------------------++-------
Melee: Unarmed           ||   130
       Spear             ||     7
  Use: Scroll            ||     6
       Potion            ||     3
  Eat: Chunk             ||     6
       Meat ration       ||     1
Armor: Robe              ||    36
Dodge: Dodged            ||    28
Block: Shield            ||    53
